 Dungeon Crawl Stone Soup version 0.25-a0-589-g1e14c549ee (webtiles) character file.

Game seed: 13186850352312238777, levelgen mode: deterministic

8845 KiliKikkendorf the Grappler (level 11, -9/83 HPs)
             Began as a Gnoll Wanderer on Mar 11, 2020.
             Was an Elder of Okawaru.
             Mangled by a sun demon (13 damage)
             ... summoned by an orc sorcerer
             ... on level 2 of the Orcish Mines on Mar 12, 2020.
             The game lasted 02:08:18 (12634 turns).

KiliKikkendorf the Grappler (Gnoll Wanderer)       Turns: 12634, Time: 02:08:19

Health: -9/83      AC: 12    Str: 23    XL:     11   Next: 37%
Magic:  0/21       EV: 14    Int: 17    God:    Okawaru [****..]
Gold:   738        SH:  9    Dex: 12    Spells: 13/23 levels left

rFire    . . .     SeeInvis .   t - +2 war axe (drain)
rCold    . . .     Gourm    .   b - +0 buckler
rNeg     . . .     Faith    .   y - +0 troll leather armour
rPois    .         Spirit   +   s - +0 helmet
rElec    .         Reflect  .   g - scarf {Spirit}
rCorr    .         Harm     .   B - +2 pair of gloves {Str+3}
MR       .....                  m - +2 pair of boots
Stlth    +++.......             (no amulet)
HPRegen  0.63/turn              j - +1 ring of slaying
MPRegen  0.17/turn              (no ring)

@: lightly drained
A: distributed training, fangs 1, large bone plates 1, clever 1, strong nose
a: Heroism, Renounce Religion


You were on level 2 of the Orcish Mines.
You worshipped Okawaru.
Okawaru was greatly pleased with you.
You were not hungry.

You visited 3 branches of the dungeon, and saw 12 of its levels.

You collected 1275 gold pieces.
You spent 537 gold pieces at shops.

Inventory:

Hand Weapons
 r - a +1 vorpal spear
 t - a +2 war axe of draining (weapon)
 w - a +2 vorpal flail
 x - a +1 vampiric spear
 A - a +1 war axe of flaming
Missiles
 l - 45 poisoned darts (quivered)
Armour
 b - a +0 buckler (worn)
 g - a scarf of spirit shield (worn)
 k - a +2 ring mail of cold resistance
 m - a +2 pair of boots (worn)
 s - a +0 helmet (worn)
 u - +0 steam dragon scales
 y - a +0 troll leather armour (worn)
 B - a +2 pair of gloves of strength (worn)
 C - a +2 leather armour of fire resistance
Magical Staves
 p - an uncursed staff of summoning
Jewellery
 j - a +1 ring of slaying (left hand)
Wands
 e - a wand of flame (8)
 v - a wand of polymorph (8)
Scrolls
 d - 2 scrolls of remove curse
 i - 10 scrolls of identify
 o - a scroll of immolation
Potions
 a - 2 potions of might
 h - 4 potions of curing
 n - 2 potions of brilliance
 q - a potion of flight
 z - a potion of haste
Comestibles
 f - 11 rations


   Skills:
 + Level 6.7(6.1) Fighting
 + Level 6.1(5.5) Short Blades
 + Level 6.1(5.5) Long Blades
 + Level 6.1(5.5) Axes
 + Level 6.1(5.5) Maces & Flails
 + Level 6.1(5.5) Polearms
 + Level 6.1(5.5) Staves
 + Level 6.1(5.5) Slings
 + Level 6.1(5.5) Bows
 + Level 6.1(5.5) Crossbows
 + Level 6.1(5.5) Throwing
 + Level 6.1(5.5) Armour
 + Level 6.1(5.5) Dodging
 + Level 6.6(6.0) Stealth
 + Level 7.7(7.1) Shields
 + Level 9.1(8.4) Unarmed Combat
 + Level 6.8(6.2) Spellcasting
 + Level 6.4(5.8) Conjurations
 + Level 5.0(4.5) Hexes
 + Level 5.0(4.5) Charms
 + Level 5.0(4.5) Summonings
 + Level 5.0(4.5) Necromancy
 + Level 5.0(4.5) Translocations
 + Level 5.0(4.5) Transmutations
 + Level 5.0(4.5) Fire Magic
 + Level 5.0(4.5) Ice Magic
 + Level 5.0(4.5) Air Magic
 + Level 5.0(4.5) Earth Magic
 + Level 5.0(4.5) Poison Magic
 + Level 6.7(6.1) Invocations
 + Level 6.1(5.5) Evocations


You had 13 spell levels left.
You knew the following spells:

 Your Spells              Type           Power        Failure   Level  Hunger
a - Magic Dart            Conj           ####         1%          1    None
b - Call Imp              Summ           ###.....     3%          2    None
c - Mephitic Cloud        Conj/Pois/Air  ###.....     5%          3    ##.....
d - Summon Lightning Spi  Summ/Air       ###.....     22%         4    ####...

Your spell library contained the following spells:

 Spells                   Type           Power        Failure   Level  Hunger
 Summon Small Mammal      Summ           ###.         2%          1    None
 Blink                    Tloc           N/A          3%          2    None
 Slow                     Hex            ###.....     3%          2    None
 Conjure Flame            Conj/Fire      ###.....     4%          3    ##.....
 Call Canine Familiar     Summ           ###.....     6%          3    ##.....
 Summon Guardian Golem    Hex/Summ       ###.....     6%          3    ##.....
 Summon Ice Beast         Ice/Summ       ###.....     22%         4    ####...


Dungeon Overview and Level Annotations

Branches:
Dungeon (9/15)             Temple (1/1) D:6            Lair (0/6) D:9
    Orc (2/2) D:9             Elf (0/3) Orc:2

Altars:
Ashenzari
Cheibriados
Dithmenos
Elyvilon
Fedhas
Gozag
Hepliaklqana
Kikubaaqudgha
Makhleb
Nemelex Xobeh
Okawaru
Qazlal
Ru
Sif Muna
Trog
Uskayaw
Vehumet
Wu Jian
Xom
Yredelemnul
Zin
The Shining One

Shops:
D:7 *   D:9 ?   Orc:2 [

Annotations:
D:9 3 runed translucent doors, Erk's ghost, novice MiFi


Innate Abilities, Weirdness & Mutations

Your experience applies equally to all skills.
You have very sharp teeth.
Your uncanny sense of smell can sniff out nearby items.
You are partially covered in large bone plates. (SH +4)
Your mind is acute. (Int +2)


Message History

You don't know that spell.
Evoke which item? (* to show all) (? for menu, Esc to quit)
Aiming: Scattershot
Press: ? - help, Shift-Dir - straight line, f - sun demon, p - orc sorcerer
Aim: a sun demon (lightly wounded, summoned)
The burst of metal fragments hits the sun demon.
The burst of metal fragments hits the sun demon but does no damage. x4
The sun demon is moderately wounded.
The now-empty wand crumbles to dust.
The sun demon hits you!!
You are engulfed in flames!
The orc sorcerer mumbles some strange words.
The orc knight hits you with a +0 great sword!
* * * LOW HITPOINT WARNING * * *
The orc knight hits you with a +0 great sword!
* * * LOW HITPOINT WARNING * * *
The orc knight hits the sun demon but does no damage.
The sun demon hits you!
* * * LOW HITPOINT WARNING * * *
You are engulfed in flames!
You die...

### ####### ###### #.####
####..##.## ##.#...#
...#.#####.#.......# ####.......
......#.#...#......# ##.#........
.....#............## #.......#...
......#.#..........###...#.#.....
...#.#.###.......o..###..........
........#.......@3.3.........#...
............<.....oo).........#..
................##....#......o...
...#.............###.###.#.#..o..
........########## ### ######.P..
........# #.P∩P ........# ##.P..
........# ##..... ........# .
#......


You could see 2 orc knights, a sun demon, a smoke demon and an orc sorcerer.

Vanquished Creatures
  A two-headed ogre (D:8)
  An orc knight (D:9)
  Maggie (D:8)
  2 trolls
  Prince Ribbit (D:9)
  2 hippogriffs (D:8)
  Sigmund (D:4)
  Grum (D:8)
  Edmund (D:6)
  A warg (Orc:1)
  An ice beast (D:8)
  13 orc warriors
  A sky beast (D:7)
  5 phantoms
  7 ogres
  2 black bears (D:7)
  3 wolves (D:8)
  6 centaurs
  5 bullfrogs
  A wyvern skeleton (D:7)
  A water moccasin skeleton (D:4)
  2 jellies
  A scorpion (D:6)
  5 wights
  4 killer bees (D:8)
  A howler monkey (D:7)
  3 crimson imps
  A bullfrog zombie (D:9)
  A quasit (D:8)
  A gnoll shaman (D:7)
  A bullfrog skeleton (D:8)
  6 hounds
  11 orc priests
  17 orc wizards
  2 iguanas
  5 worker ants
  6 ogre zombies (D:9)
  4 hound skeletons
  A worker ant zombie (D:4)
  7 gnolls
  14 adders
  4 shadow imps
  3 adder skeletons (D:6)
  An adder zombie (D:8)
  5 worms
  2 dart slugs
  7 leopard geckos
  38 orcs
  A bat zombie (D:7)
  8 giant cockroaches
  15 goblins
  10 hobgoblins
  3 jackals (D:1)
  7 kobolds
  3 quokkas
  A ball python (D:1)
  5 bats
  13 frilled lizards
  3 goblin skeletons (D:9)
  2 goblin zombies (D:9)
  2 hobgoblin zombies (D:9)
  A jackal zombie (D:5)
  A leopard gecko zombie (D:7)
  12 orc zombies (D:9)
  6 rats
  2 rat zombies (D:7)
305 creatures vanquished.

Vanquished Creatures (collateral kills)
  2 howler monkeys (D:7)
  An orc priest (Orc:2)
  A worker ant (D:7)
  2 gnolls (D:7)
6 creatures vanquished.

Grand Total: 311 creatures vanquished

Notes
Turn   | Place    | Note
-------+----------+-------------------------------------------
     0 | D:1      | KiliKikkendorf the Gnoll Wanderer began the quest for the
                  | Orb.
     0 | D:1      | KiliKikkendorf set off with the following items: a +0 club,
                  | a scroll of teleportation, a potion of lignification, a +0
                  | robe, a ration; and the following spell memorised: Magic
                  | Dart; and the following spells available to memorise:
                  | Conjure Flame, Blink, Call Imp, Slow, Mephitic Cloud
     0 | D:1      | Reached XP level 1. HP: 17/17 MP: 4/4
   354 | D:1      | Reached XP level 2. HP: 21/23 MP: 5/5
   469 | D:1      | Learned a level 2 spell: Call Imp
  1069 | D:1      | Reached XP level 3. HP: 28/28 MP: 0/7
  1413 | D:1      | Reached skill level 1 in Invocations
  1520 | D:1      | Reached skill level 1 in Short Blades
  1520 | D:1      | Reached skill level 1 in Long Blades
  1520 | D:1      | Reached skill level 1 in Axes
  1520 | D:1      | Reached skill level 1 in Maces & Flails
  1520 | D:1      | Reached skill level 1 in Polearms
  1520 | D:1      | Reached skill level 1 in Staves
  1520 | D:1      | Reached skill level 1 in Slings
  1520 | D:1      | Reached skill level 1 in Bows
  1520 | D:1      | Reached skill level 1 in Crossbows
  1520 | D:1      | Reached skill level 1 in Throwing
  1520 | D:1      | Reached skill level 1 in Armour
  1520 | D:1      | Reached skill level 1 in Dodging
  1520 | D:1      | Reached skill level 1 in Evocations
  1643 | D:1      | Reached XP level 4. HP: 11/34 MP: 2/8
  1986 | D:2      | Found a shimmering altar of Xom.
  1989 | D:2      | Found a sacrificial altar of Ru.
  1989 | D:2      | Found a sparkling altar of Nemelex Xobeh.
  1990 | D:2      | Found a shimmering blue altar of Sif Muna.
  1990 | D:2      | Found an opulent altar of Gozag.
  1990 | D:2      | Found a blossoming altar of Fedhas.
  1990 | D:2      | Found a hide-covered altar of Uskayaw.
  2050 | D:2      | Reached skill level 1 in Hexes
  2050 | D:2      | Reached skill level 1 in Charms
  2050 | D:2      | Reached skill level 1 in Summonings
  2050 | D:2      | Reached skill level 1 in Necromancy
  2050 | D:2      | Reached skill level 1 in Translocations
  2050 | D:2      | Reached skill level 1 in Transmutations
  2050 | D:2      | Reached skill level 1 in Fire Magic
  2050 | D:2      | Reached skill level 1 in Ice Magic
  2050 | D:2      | Reached skill level 1 in Air Magic
  2050 | D:2      | Reached skill level 1 in Earth Magic
  2050 | D:2      | Reached skill level 1 in Poison Magic
  2257 | D:2      | Reached XP level 5. HP: 38/40 MP: 2/9
  2472 | D:3      | Found a white marble altar of Elyvilon.
  3221 | D:4      | Noticed Sigmund
  3397 | D:4      | Killed Sigmund
  3397 | D:4      | Reached skill level 5 in Shields
  3397 | D:4      | Reached XP level 6. HP: 32/47 MP: 3/11
  3808 | D:4      | Reached XP level 7. HP: 52/52 MP: 7/12
  3908 | D:5      | Entered Level 5 of the Dungeon
  4184 | D:4      | Reached skill level 7 in Unarmed Combat
  4995 | D:5      | You fall into a shaft and drop 3 floors!
  5013 | D:8      | Noticed Maggie
  5025 | D:8      | Found a radiant altar of Vehumet.
  5043 | D:8      | Reached XP level 8. HP: 40/60 MP: 6/14
  5212 | D:7      | Found Xusmap's General Store.
  5217 | D:7      | Bought a scroll of enchant armour for 90 gold pieces
  5217 | D:7      | Bought a potion of heal wounds for 60 gold pieces
  5258 | D:7      | Found an ancient bone altar of Kikubaaqudgha.
  5918 | D:7      | Reached XP level 9. HP: 48/66 MP: 4/16
  5955 | D:6      | Reached skill level 5 in Conjurations
  6217 | D:6      | Found a staircase to the Ecumenical Temple.
  6227 | Temple   | Entered the Ecumenical Temple
  6342 | Temple   | Became a worshipper of Warmaster Okawaru
  6449 | D:5      | Found a snail-covered altar of Cheibriados.
  7028 | D:6      | Found a shadowy altar of Dithmenos.
  7119 | D:6      | Reached skill level 5 in Spellcasting
  7144 | D:6      | Found a burning altar of Makhleb.
  7569 | D:6      | Noticed Edmund
  7589 | D:6      | Killed Edmund
  7589 | D:6      | Reached skill level 5 in Fighting
  8234 | D:7      | Reached skill level 5 in Stealth
  8326 | D:7      | Reached skill level 8 in Unarmed Combat
  8707 | D:7      | Reached * piety under Okawaru
  8774 | D:7      | Reached skill level 5 in Invocations
  9029 | D:8      | Found a stormy altar of Qazlal.
  9094 | D:8      | Reached XP level 10. HP: 74/74 MP: 12/18
  9118 | D:8      | Learned a level 3 spell: Mephitic Cloud
  9177 | D:8      | Noticed Grum
  9212 | D:8      | Killed Grum
  9212 | D:8      | Reached skill level 5 in Short Blades
  9212 | D:8      | Reached skill level 5 in Long Blades
  9212 | D:8      | Reached skill level 5 in Axes
  9212 | D:8      | Reached skill level 5 in Maces & Flails
  9212 | D:8      | Reached skill level 5 in Polearms
  9212 | D:8      | Reached skill level 5 in Staves
  9212 | D:8      | Reached skill level 5 in Slings
  9212 | D:8      | Reached skill level 5 in Bows
  9212 | D:8      | Reached skill level 5 in Crossbows
  9212 | D:8      | Reached skill level 5 in Throwing
  9212 | D:8      | Reached skill level 5 in Armour
  9212 | D:8      | Reached skill level 5 in Dodging
  9212 | D:8      | Reached skill level 5 in Evocations
  9429 | D:8      | Gained mutation: Your mind is acute. (Int +2) [potion of
                  | mutation]
  9429 | D:8      | Gained mutation: You are partially covered in large bone
                  | plates. (SH +4) [potion of mutation]
  9645 | D:8      | Reached ** piety under Okawaru
  9798 | D:9      | Found a staircase to the Lair.
 10145 | D:8      | Killed Maggie
 10269 | D:9      | Found Enoonux's Magic Scroll Emporium.
 10340 | D:9      | Noticed a two-headed ogre
 10357 | D:8      | Killed a two-headed ogre
 10357 | D:8      | Reached *** piety under Okawaru
 10783 | D:9      | Found a staircase to the Orcish Mines.
 10805 | D:9      | Noticed Prince Ribbit
 10812 | D:9      | Killed Prince Ribbit
 10812 | D:9      | Reached **** piety under Okawaru
 10812 | D:9      | Reached XP level 11. HP: 76/82 MP: 1/20
 10885 | D:9      | Found a runed translucent gate.
 10886 | D:9      | Found a runed translucent gate.
 10886 | D:9      | Found a runed translucent gate.
 10889 | D:9      | Noticed Erk's ghost (novice MiFi)
 11197 | D:9      | Learned a level 4 spell: Summon Lightning Spire
 11199 | Orc:1    | Entered Level 1 of the Orcish Mines
 11441 | Orc:2    | Entered Level 2 of the Orcish Mines
 11534 | Orc:2    | Noticed an orc knight
 11722 | D:9      | Killed an orc knight
 11722 | D:9      | Reached skill level 9 in Unarmed Combat
 11722 | D:9      | Reached skill level 5 in Hexes
 11722 | D:9      | Reached skill level 5 in Charms
 11722 | D:9      | Reached skill level 5 in Summonings
 11722 | D:9      | Reached skill level 5 in Necromancy
 11722 | D:9      | Reached skill level 5 in Translocations
 11722 | D:9      | Reached skill level 5 in Transmutations
 11722 | D:9      | Reached skill level 5 in Fire Magic
 11722 | D:9      | Reached skill level 5 in Ice Magic
 11722 | D:9      | Reached skill level 5 in Air Magic
 11722 | D:9      | Reached skill level 5 in Earth Magic
 11722 | D:9      | Reached skill level 5 in Poison Magic
 12084 | Orc:2    | Found a staircase to the Elven Halls.
 12225 | Orc:2    | Found Beuxt's Antique Armour Shop.
 12282 | Orc:2    | Bought a pair of runed gloves for 232 gold pieces
 12288 | Orc:2    | Bought a glowing leather armour for 155 gold pieces
 12317 | Orc:2    | Noticed an orc high priest
 12317 | Orc:2    | Noticed an orc high priest
 12317 | Orc:2    | Noticed an orc high priest
 12317 | Orc:2    | Noticed an orc knight
 12317 | Orc:2    | Noticed an orc knight
 12318 | Orc:2    | Noticed an orc sorcerer
 12318 | Orc:2    | Noticed an orc knight
 12319 | Orc:2    | Noticed an orc sorcerer
 12321 | Orc:2    | Noticed an orc sorcerer
 12322 | Orc:2    | Noticed an orc knight
 12363 | Orc:1    | Noticed an orc sorcerer
 12366 | Orc:1    | Noticed an ettin
 12366 | Orc:1    | Noticed a sixfirhy
 12390 | Orc:1    | Noticed an orc knight
 12623 | Orc:2    | Noticed a sun demon
 12634 | Orc:2    | HP: 4/83 [sun demon[an orc sorcerer] (14)]
 12634 | Orc:2    | Mangled by a sun demon

Levels and vault maps discovered:
D:1:      zaba_arrival_water, layout_loops_ring, minmay_lizard_king
D:2:      layout_basic, grunt_temple_overflow_open, minmay_pentomino_v4
D:3:      layout_rooms, chequers_serial_rivers_marsh, kennysheep_flooded_box,
          minivault_14, elyvilon_altar_3
D:4:      cheibrodos_greedy_goblins, layout_basic, minmay_three_crescents,
          uniq_sigmund
D:5:      layout_gridville, cheibriados_altar_1, first_ration,
          portal_sewer_entry_d, serial_bayou_ford_a
D:6:      layout_loops_ring, lemuel_doored_altar, marbit_many_paths,
          minmay_temple_entry_gardened_gates, uniq_edmund
D:7:      layout_loops_ring, lemuel_zombie_altar_kikubaaqudgha, serial_shops,
          nicolae_shop_statue_plus
D:8:      layout_basic, nicolae_qazlal_general_emergency, vehumet_altar_wand_db,
          uniq_grum, uniq_maggie
D:9:      layout_basic, lair_entry_dummy, zombieorc1_lemuel, serial_shops, shop,
          gammafunk_ghost_necromancy, uniq_prince_ribbit1
Temple:   compressed_dpeg_triangle_lava_temple
Orc:1:    layout_caves
Orc:2:    st_orc_elflike, layout_caves, serial_shops,
          nicolae_shop_overgrown_old_shop

Skill      XL: |  1  2  3  4  5  6  7  8  9 10 11 |
---------------+----------------------------------+-----
Invocations    | 1 2 3 4 5 6 |  6.7
Short Blades   | 1 2 3 4 5 6 |  6.1
Long Blades    | 1 2 3 4 5 6 |  6.1
Axes           | 1 2 3 4 5 6 |  6.1
Maces & Flails | 1 2 3 4 5 6 |  6.1
Polearms       | 1 2 3 4 5 6 |  6.1
Staves         | 1 2 3 4 5 6 |  6.1
Slings         | 1 2 3 4 5 6 |  6.1
Bows           | 1 2 3 4 5 6 |  6.1
Crossbows      | 1 2 3 4 5 6 |  6.1
Throwing       | 1 2 3 4 5 6 |  6.1
Armour         | 1 2 3 4 5 6 |  6.1
Dodging        | 1 2 3 4 5 6 |  6.1
Evocations     | 1 2 3 4 5 6 |  6.1
Spellcasting   | 3 4 5 6 |  6.8
Hexes          | 1 2 3 4 5 |  5.0
Charms         | 1 2 3 4 5 |  5.0
Summonings     | 1 2 3 4 5 |  5.0
Necromancy     | 1 2 3 4 5 |  5.0
Translocations | 1 2 3 4 5 |  5.0
Transmutations | 1 2 3 4 5 |  5.0
Fire Magic     | 1 2 3 4 5 |  5.0
Ice Magic      | 1 2 3 4 5 |  5.0
Air Magic      | 1 2 3 4 5 |  5.0
Earth Magic    | 1 2 3 4 5 |  5.0
Poison Magic   | 1 2 3 4 5 |  5.0
Fighting       | 3 4 5 6 |  6.7
Conjurations   | 4 5 6 |  6.4
Stealth        | 3 4 5 6 |  6.6
Shields        | 5 6 7 |  7.7
Unarmed Combat | 7 8 9 |  9.1

Action                   |  1- 3 |  4- 6 |  7- 9 | 10-12 || total
-------------------------+-------+-------+-------+-------++-------
Melee: Hand axe          |    55 |   116 |    81 |       ||   252
       Bite              |     4 |    11 |    43 |    42 ||   100
       Punch             |       |     3 |    15 |       ||    18
       Spear             |       |       |   201 |       ||   201
       Flail             |       |       |    96 |    77 ||   173
       War axe           |       |       |       |   219 ||   219
Throw: Dart              |     3 |    33 |    13 |    10 ||    59
 Cast: Magic Dart        |    29 |   108 |   211 |   137 ||   485
       Call Imp          |       |     1 |    55 |       ||    56
       Mephitic Cloud    |       |       |       |    54 ||    54
       Summon Lightning  |       |       |       |     1 ||     1
Invok: Heroism           |       |       |     1 |     2 ||     3
Evoke: Wand              |       |       |       |     9 ||     9
  Use: Scroll            |     3 |     4 |    15 |     3 ||    25
       Potion            |     3 |     1 |     3 |     5 ||    12
 Stab: Distracted        |       |       |     2 |       ||     2
       Confused          |       |       |       |     8 ||     8
  Eat: Chunk             |     1 |     1 |       |     1 ||     3
       Ration            |     1 |     2 |     5 |     4 ||    12
Armor: Robe              |     6 |       |       |       ||     6
       Ring mail         |    14 |    41 |   156 |    50 ||   261
       Skin              |     2 |       |       |       ||     2
       Troll leather arm |       |       |       |     8 ||     8
       Steam dragon scal |       |       |       |     4 ||     4
Dodge: Dodged            |    37 |    85 |   201 |   190 ||   513
Block: Buckler           |       |       |    37 |   136 ||   173

Table legend:
 A = Non-vault XP
 B = Vault XP
 C = Vault XP percentage of total XP
 D = Non-vault monster count
 E = Vault monster count
 F = Vault count percentage of total count
                 A         B        C        D         E       F
            +---------+---------+-------+---------+---------+-------
      Total |   10210 |    2426 |  19.2 |     239 |      72 |  23.2
            +---------+---------+-------+---------+---------+-------
        D:1 |      76 |      14 |  15.6 |      19 |      11 |  36.7
        D:2 |      92 |       0 |   0.0 |      17 |       0 |   0.0
        D:3 |      88 |       0 |   0.0 |      26 |       0 |   0.0
        D:4 |     374 |     261 |  41.1 |      25 |      16 |  39.0
        D:5 |     134 |      13 |   8.8 |       8 |       1 |  11.1
        D:6 |     920 |     162 |  15.0 |      26 |       2 |   7.1
        D:7 |    1941 |       4 |   0.2 |      39 |       3 |   7.1
        D:8 |    2882 |     861 |  23.0 |      25 |       6 |  19.4
        D:9 |    2221 |     821 |  27.0 |      28 |      29 |  50.9
      Orc:1 |    1045 |       0 |   0.0 |      16 |       0 |   0.0
      Orc:2 |     437 |     290 |  39.9 |      10 |       4 |  28.6
            +---------+---------+-------+---------+---------+-------
